| TOP OF THE 1ST |
|
Dallas-Fort Worth Rangers batting - Pitching for Round Rock Express : RHP Jesus Laguna
|
|
Pitching: RHP Jesus Laguna
|
|
|
Batting: RHB Dave Aponte
|
0-0: Ball 1-0: Called Strike 1-1: Ball 2-1: Ball 3-1: Swinging Strike 3-2: Strikes out swinging
|
|
Batting: RHB Phil Bradley
|
0-0: Ball 1-0: Called Strike 1-1: Ball 2-1: Called Strike 2-2: Foul Ball, location: 2F 2-2: Foul Ball, location: 2F 2-2: Ball 3-2: Foul Ball, location: 2F 3-2: Base on Balls
|
|
Batting: LHB Sid Bream
|
0-0: Ball 1-0: Foul Ball, location: 2F 1-1: Ball 2-1: Ball 3-1: SINGLE (Groundball, 56, EV 94.4 MPH) Phil Bradley to second
|
|
Batting: RHB Joe Carter
|
0-0: Ball Phil Bradley steals 3rd, throwing error, E2 Phil Bradley scores Sid Bream to third 1-0: Ball 2-0: Called Strike 2-1: Fly out, F8 (Flyball, 8LD, EV 104.4 MPH) Runner from 3rd tags up, SCORES, throw by CF
|
|
Batting: RHB Terry Lee
|
0-0: SINGLE (Line Drive, 78S, EV 98.8 MPH)
|
|
Batting: RHB Ross Jones
|
0-0: Ball 1-0: Ball 2-0: Foul Ball, location: 2F 2-1: Foul Ball, location: 2F 2-2: Strikes out looking
|
| Top of the 1st over - 2 runs, 2 hits, 1 error, 1 left on base; Dallas-Fort Worth 2 - Round Rock 0 |
| BOTTOM OF THE 1ST |
|
Round Rock Express batting - Pitching for Dallas-Fort Worth Rangers : LHP Manny Sandate
|
|
Pitching: LHP Manny Sandate
|
|
|
Batting: LHB Steve Lyons
|
0-0: Called Strike 0-1: Ball 1-1: Foul Ball, location: 2F 1-2: Foul Ball, location: 2F 1-2: Strikes out swinging
|
|
Batting: RHB George Gross
|
0-0: Ball 1-0: Called Strike 1-1: Fly out, F9 (Flyball, 89S, EV 76.9 MPH)
|
|
Batting: LHB Al Chambers
|
0-0: Called Strike 0-1: Ball 1-1: Ball 2-1: Ball 3-1: SINGLE (Groundball, 6S, EV 63.1 MPH) (infield hit)
|
|
Batting: RHB Alejandro Sanchez
|
0-0: Foul Ball, location: 2F 0-1: Called Strike 0-2: Foul Ball, location: 2F 0-2: Ball 1-2: Foul Ball, location: 2F 1-2: Foul Ball, location: 2F 1-2: Foul Ball, location: 2F 1-2: Ball 2-2: Strikes out swinging
|
| Bottom of the 1st over - 0 runs, 1 hit, 0 errors, 1 left on base; Dallas-Fort Worth 2 - Round Rock 0 |
| TOP OF THE 2ND |
|
Dallas-Fort Worth Rangers batting - Pitching for Round Rock Express : RHP Jesus Laguna
|
|
Batting: LHB Daryl Fazzio
|
0-0: Called Strike 0-1: Ball 1-1: Fly out, F8 (Flyball, 78S, EV 85.6 MPH)
|
|
Batting: SHB Eski Viltz
|
0-0: Foul Ball, location: 2F 0-1: Ball 1-1: Ball 2-1: Called Strike 2-2: Ball 3-2: Base on Balls
|
|
Batting: LHB Garcia Gutierrez
|
0-0: Called Strike 0-1: Called Strike 0-2: Foul Ball, location: 2F 0-2: Fly out, F6 (Popup, 6D, EV 43.1 MPH)
|
|
Batting: RHB Dave Aponte
|
0-0: Ball 1-0: Ball 2-0: Fielders Choice at 2nd, 5-4 (Groundball, 56, EV 84.4 MPH)
|
| Top of the 2nd over - 0 runs, 0 hits, 0 errors, 1 left on base; Dallas-Fort Worth 2 - Round Rock 0 |
| BOTTOM OF THE 2ND |
|
Round Rock Express batting - Pitching for Dallas-Fort Worth Rangers : LHP Manny Sandate
|
|
Batting: RHB Gerald Miller
|
0-0: Ball 1-0: Ball 2-0: Called Strike 2-1: Hit by Pitch
|
|
Batting: RHB Martyn Maxwell
|
0-0: Ball 1-0: Foul Ball, location: 2F 1-1: Grounds into double play, 6-4-3 (Groundball, 6, EV 100.6 MPH)
|
|
Batting: RHB Mike Sodders
|
0-0: Ball 1-0: Ball 2-0: Ball 3-0: Base on Balls
|
|
Batting: LHB Luis Armijo
|
0-0: Ball 1-0: Called Strike 1-1: Ball 2-1: Ball 3-1: Foul Ball, location: 2F 3-2: Base on Balls Mike Sodders to second
|
|
Batting: LHB William Sobbe
|
0-0: Called Strike 0-1: Swinging Strike 0-2: Ball 1-2: SINGLE (Line Drive, 6MD, EV 97.5 MPH) Mike Sodders to third Luis Armijo to second Runner from 3rd tries for Home, SAFE, throw by CF to home
|
|
Batting: LHB Steve Lyons
|
0-0: Swinging Strike 0-1: Ball 1-1: Called Strike 1-2: Fly out, F7 (Line Drive, 7D, EV 92.5 MPH)
|
| Bottom of the 2nd over - 1 run, 1 hit, 0 errors, 2 left on base; Dallas-Fort Worth 2 - Round Rock 1 |
| TOP OF THE 3RD |
|
Dallas-Fort Worth Rangers batting - Pitching for Round Rock Express : RHP Jesus Laguna
|
|
Batting: RHB Phil Bradley
|
0-0: Ball 1-0: Foul Ball, location: 2F 1-1: Ball 2-1: SINGLE (Line Drive, 6D, EV 98.1 MPH)
|
|
Batting: LHB Sid Bream
|
0-0: Ball 1-0: Ball 2-0: Swinging Strike 2-1: Foul Ball, location: 2F 2-2: Ball 3-2: Strikes out swinging Phil Bradley is caught stealing 2nd base 2-6 Batter strikes out.
|
|
Batting: RHB Joe Carter
|
0-0: Called Strike 0-1: Ball 1-1: SINGLE (Line Drive, 6MD, EV 96.3 MPH)
|
|
Batting: RHB Terry Lee
|
0-0: Ball Joe Carter is caught stealing 2nd base 2-4
|
| Top of the 3rd over - 0 runs, 2 hits, 0 errors, 0 left on base; Dallas-Fort Worth 2 - Round Rock 1 |
| BOTTOM OF THE 3RD |
|
Round Rock Express batting - Pitching for Dallas-Fort Worth Rangers : LHP Manny Sandate
|
|
Batting: RHB George Gross
|
0-0: Called Strike 0-1: Called Strike 0-2: Foul Ball, location: 2F 0-2: Strikes out swinging
|
|
Batting: LHB Al Chambers
|
0-0: Foul Ball, location: 2F 0-1: Ball 1-1: Ground out 6-3 (Groundball, 6, EV 83.8 MPH)
|
|
Batting: RHB Alejandro Sanchez
|
0-0: Ball 1-0: Called Strike 1-1: Foul Ball, location: 2F 1-2: Foul Ball, location: 2F 1-2: Fly out, F5 (Popup, 5SF, EV 86.9 MPH)
|
| Bottom of the 3rd over - 0 runs, 0 hits, 0 errors, 0 left on base; Dallas-Fort Worth 2 - Round Rock 1 |
| TOP OF THE 4TH |
|
Dallas-Fort Worth Rangers batting - Pitching for Round Rock Express : RHP Jesus Laguna
|
|
Batting: RHB Terry Lee
|
0-0: Ball 1-0: Ball 2-0: Ball 3-0: Base on Balls
|
|
Batting: RHB Ross Jones
|
0-0: Ball 1-0: Foul Ball, location: 2F 1-1: Called Strike 1-2: Strikes out looking
|
|
Batting: LHB Daryl Fazzio
|
0-0: Called Strike 0-1: Ball 1-1: Ball 2-1: Swinging Strike 2-2: Foul Ball, location: 2F 2-2: Strikes out swinging
|
|
Batting: SHB Eski Viltz
|
0-0: Ball Terry Lee is caught stealing 2nd base 2-6
|
| Top of the 4th over - 0 runs, 0 hits, 0 errors, 0 left on base; Dallas-Fort Worth 2 - Round Rock 1 |
| BOTTOM OF THE 4TH |
|
Round Rock Express batting - Pitching for Dallas-Fort Worth Rangers : LHP Manny Sandate
|
|
Batting: RHB Gerald Miller
|
0-0: Ball 1-0: Foul Ball, location: 2F 1-1: Foul Ball, location: 2F 1-2: Foul Ball, location: 2F 1-2: Ball 2-2: Ball 3-2: Foul Ball, location: 2F 3-2: Foul Ball, location: 2F 3-2: Ground out U3 (Groundball, 34, EV 103.1 MPH)
|
|
Batting: RHB Martyn Maxwell
|
0-0: Ball 1-0: Ball 2-0: Ball 3-0: Called Strike 3-1: Base on Balls
|
|
Batting: RHB Mike Sodders
|
0-0: Ball 1-0: Ball 2-0: Ball 3-0: Base on Balls Martyn Maxwell to second
|
|
Batting: LHB Luis Armijo
|
0-0: Foul Ball, location: 2F 0-1: Swinging Strike 0-2: Strikes out swinging
|
|
Batting: LHB William Sobbe
|
0-0: Fly out, F8 (Flyball, 8LM, EV 93.1 MPH)
|
| Bottom of the 4th over - 0 runs, 0 hits, 0 errors, 2 left on base; Dallas-Fort Worth 2 - Round Rock 1 |
| TOP OF THE 5TH |
|
Dallas-Fort Worth Rangers batting - Pitching for Round Rock Express : RHP Jesus Laguna
|
|
Batting: SHB Eski Viltz
|
0-0: Called Strike 0-1: Ground out U3 (Groundball, 34, EV 82.5 MPH)
|
|
Batting: LHB Garcia Gutierrez
|
0-0: Ground out 4-3 (Groundball, 34, EV 88.1 MPH)
|
|
Batting: RHB Dave Aponte
|
0-0: DOUBLE (Line Drive, 78D, EV 108.1 MPH)
|
|
Batting: RHB Phil Bradley
|
0-0: Ball 1-0: Foul Ball, location: 2F 1-1: Ball 2-1: SINGLE (Line Drive, 8RS, EV 90.0 MPH) Dave Aponte to third Runner from 3rd tries for Home, SAFE, throw by CF to home Phil Bradley to second
|
|
Batting: LHB Sid Bream
|
0-0: Ball 1-0: Foul Ball, location: 2F 1-1: Ground out U3 (Groundball, 3, EV 96.9 MPH)
|
| Top of the 5th over - 1 run, 2 hits, 0 errors, 1 left on base; Dallas-Fort Worth 3 - Round Rock 1 |
| BOTTOM OF THE 5TH |
|
Round Rock Express batting - Pitching for Dallas-Fort Worth Rangers : LHP Manny Sandate
|
|
Batting: LHB Steve Lyons
|
0-0: Ball 1-0: Swinging Strike 1-1: Called Strike 1-2: Foul Ball, location: 2F 1-2: Foul Ball, location: 2F 1-2: Foul Ball, location: 2F 1-2: Ground out 6-3 (Groundball, P, EV 88.8 MPH)
|
|
Batting: RHB George Gross
|
0-0: Ball 1-0: Ball 2-0: Ball 3-0: Base on Balls
|
|
Batting: LHB Al Chambers
|
0-0: Ball 1-0: Grounds into double play, 5-4-3 (Groundball, 56, EV 91.9 MPH)
|
| Bottom of the 5th over - 0 runs, 0 hits, 0 errors, 0 left on base; Dallas-Fort Worth 3 - Round Rock 1 |
| TOP OF THE 6TH |
|
Dallas-Fort Worth Rangers batting - Pitching for Round Rock Express : RHP Jesus Laguna
|
|
Batting: RHB Joe Carter
|
0-0: Foul Ball, location: 2F 0-1: Ball 1-1: Called Strike 1-2: Foul Ball, location: 2F 1-2: Fly out, F8 (Line Drive, 8LM, EV 92.5 MPH)
|
|
Batting: RHB Terry Lee
|
0-0: Foul Ball, location: 2F 0-1: Foul Ball, location: 2F 0-2: Ball 1-2: Ball 2-2: Ball 3-2: Ground out 5-3 (Groundball, 5, EV 84.4 MPH)
|
|
Batting: RHB Ross Jones
|
0-0: Ball 1-0: Ground out 6-3 (Groundball, 6, EV 105.6 MPH)
|
| Top of the 6th over - 0 runs, 0 hits, 0 errors, 0 left on base; Dallas-Fort Worth 3 - Round Rock 1 |
| BOTTOM OF THE 6TH |
|
Round Rock Express batting - Pitching for Dallas-Fort Worth Rangers : LHP Manny Sandate
|
|
Batting: RHB Alejandro Sanchez
|
0-0: Fly out, F3 (Popup, 3S, EV 66.9 MPH)
|
|
Batting: RHB Gerald Miller
|
0-0: Ball 1-0: Ball 2-0: Ball 3-0: Base on Balls
|
|
Batting: RHB Martyn Maxwell
|
0-0: Called Strike 0-1: Ball 1-1: Ball 2-1: Fly out, F4 (Flyball, 3D, EV 90.0 MPH)
|
|
Batting: RHB Mike Sodders
|
0-0: SINGLE (Groundball, 6MD, EV 98.8 MPH) Gerald Miller to second Runner from 2nd tries for 3rd, SAFE, no throw by CF
|
|
Batting: LHB Luis Armijo
|
0-0: Ball 1-0: Ball 2-0: Foul Ball, location: 2F 2-1: SINGLE (Groundball, 6S, EV 66.9 MPH) (infield hit) Gerald Miller scores Mike Sodders to second
|
|
Batting: LHB William Sobbe
|
0-0: Ball 1-0: Ball 2-0: Foul Ball, location: 2F 2-1: Ball 3-1: Foul Ball, location: 2F 3-2: Fly out, F8 (Flyball, 8RS, EV 83.1 MPH)
|
| Bottom of the 6th over - 1 run, 2 hits, 0 errors, 2 left on base; Dallas-Fort Worth 3 - Round Rock 2 |
| TOP OF THE 7TH |
|
Dallas-Fort Worth Rangers batting - Pitching for Round Rock Express : RHP Jesus Laguna
|
|
Batting: LHB Daryl Fazzio
|
0-0: Ball 1-0: Fly out, F9 (Flyball, 9D, EV 84.4 MPH)
|
|
Batting: SHB Eski Viltz
|
0-0: Ball 1-0: Called Strike 1-1: Foul Ball, location: 2F 1-2: SINGLE (Groundball, 34D, EV 99.4 MPH)
|
|
Pitching: RHP Bret Cleland
|
|
|
Batting: LHB Garcia Gutierrez
|
0-0: Ball 1-0: Foul Ball, location: 2F 1-1: Ball 2-1: Foul Ball, location: 2F 2-2: Foul Ball, location: 2F 2-2: Foul Ball, location: 2F 2-2: Ball Eski Viltz steals 2nd base (no throw) 3-2: Strikes out looking
|
|
Batting: RHB Dave Aponte
|
0-0: Called Strike 0-1: Ground out 5-3 (Groundball, 56, EV 86.9 MPH)
|
| Top of the 7th over - 0 runs, 1 hit, 0 errors, 1 left on base; Dallas-Fort Worth 3 - Round Rock 2 |
| BOTTOM OF THE 7TH |
|
Round Rock Express batting - Pitching for Dallas-Fort Worth Rangers : LHP Manny Sandate
|
|
Pitching: RHP Randy McGilberry
|
|
|
Batting: LHB Steve Lyons
|
0-0: Called Strike 0-1: Ball 1-1: Called Strike 1-2: Fly out, F7 (Flyball, 7, EV 96.9 MPH)
|
|
Batting: RHB George Gross
|
0-0: Ground out 5-3 (Groundball, 56, EV 106.9 MPH)
|
|
Batting: LHB Al Chambers
|
0-0: Ball 1-0: Called Strike 1-1: Ball 2-1: Foul Ball, location: 2F 2-2: Fly out, F8 (Line Drive, 8RM, EV 93.8 MPH)
|
| Bottom of the 7th over - 0 runs, 0 hits, 0 errors, 0 left on base; Dallas-Fort Worth 3 - Round Rock 2 |
| TOP OF THE 8TH |
|
Dallas-Fort Worth Rangers batting - Pitching for Round Rock Express : RHP Bret Cleland
|
|
Batting: RHB Phil Bradley
|
0-0: Ball 1-0: Called Strike 1-1: Ball 2-1: Ground out 6-3 (Groundball, 56, EV 100.6 MPH)
|
|
Batting: LHB Sid Bream
|
0-0: Fly out, F4 (Line Drive, 4, EV 62.5 MPH)
|
|
Batting: RHB Joe Carter
|
0-0: Foul Ball, location: 2F 0-1: Foul Ball, location: 2F 0-2: Ball 1-2: Strikes out looking
|
| Top of the 8th over - 0 runs, 0 hits, 0 errors, 0 left on base; Dallas-Fort Worth 3 - Round Rock 2 |
| BOTTOM OF THE 8TH |
|
Round Rock Express batting - Pitching for Dallas-Fort Worth Rangers : RHP Randy McGilberry
|
|
Batting: RHB Alejandro Sanchez
|
0-0: Ball 1-0: Ball 2-0: Fly out, F8 (Line Drive, 8RM, EV 93.8 MPH)
|
|
Batting: RHB Gerald Miller
|
0-0: Called Strike 0-1: Ground out 1-3 (Groundball, 34S, EV 68.8 MPH)
|
|
Batting: RHB Martyn Maxwell
|
0-0: Ground out 6-3 (Groundball, 6M, EV 100.0 MPH)
|
| Bottom of the 8th over - 0 runs, 0 hits, 0 errors, 0 left on base; Dallas-Fort Worth 3 - Round Rock 2 |
| TOP OF THE 9TH |
|
Dallas-Fort Worth Rangers batting - Pitching for Round Rock Express : RHP Bret Cleland
|
|
Batting: RHB Terry Lee
|
0-0: Foul Ball, location: 2F 0-1: Ball 1-1: Ball 2-1: Ball 3-1: Foul Ball, location: 2F 3-2: Strikes out swinging
|
|
Batting: RHB Ross Jones
|
0-0: Ball 1-0: Swinging Strike 1-1: Ball 2-1: Foul Ball, location: 2F 2-2: Fly out, F9 (Flyball, 9, EV 88.1 MPH)
|
|
Batting: LHB Daryl Fazzio
|
0-0: Called Strike 0-1: Foul Ball, location: 2F 0-2: Ball 1-2: Ball 2-2: Ball 3-2: Base on Balls
|
|
Pitching: RHP Mario Kaufman
|
|
|
Batting: SHB Eski Viltz
|
0-0: Ball 1-0: Ground out U3 (Groundball, 3, EV 101.9 MPH)
|
| Top of the 9th over - 0 runs, 0 hits, 0 errors, 1 left on base; Dallas-Fort Worth 3 - Round Rock 2 |
| BOTTOM OF THE 9TH |
|
Round Rock Express batting - Pitching for Dallas-Fort Worth Rangers : RHP Randy McGilberry
|
|
Pitching: RHP Luis Cardenas
|
|
|
Pinch Hitting: LHB Dave Sanchez
|
0-0: Called Strike 0-1: Swinging Strike 0-2: Ground out 4-3 (Groundball, 4, EV 81.9 MPH)
|
|
Batting: LHB Luis Armijo
|
0-0: Ball 1-0: Called Strike 1-1: Foul Ball, location: 2F 1-2: Strikes out swinging
|
|
Batting: LHB William Sobbe
|
0-0: Called Strike 0-1: Foul Ball, location: 2F 0-2: Ball 1-2: Ball 2-2: Ball 3-2: Strikes out swinging
|
| Bottom of the 9th over - 0 runs, 0 hits, 0 errors, 0 left on base; Dallas-Fort Worth 3 - Round Rock 2 |
|